AA
WINNIPEG GOLDEYES @ MILWAUKEE MILKMEN
07/29/2072
 
TOP OF THE 1ST
Chicago Dogs batting - Pitching for Gary SouthShore RailCats : LHP Randy Steele
Pitching: LHP Randy Steele
Batting: SHB Ramiro Rivera 0-0: Fly out, F8 (Line Drive, 8RM, EV 95.0 MPH)
Batting: RHB Javier Cuevas 0-0: Ball
1-0: Ball
2-0: Called Strike
2-1: SINGLE (Line Drive, 9S, EV 95.6 MPH)
Batting: SHB Nate Gibson 0-0: Called Strike
0-1: Ball
1-1: Ball
2-1: Called Strike
2-2: Fly out, F8 (Flyball, 8LM, EV 85.0 MPH)
Batting: RHB Tom Barlow 0-0: Ball
1-0: Ball
2-0: Foul Ball, location: 2F
2-1: 2-RUN HOME RUN (Flyball, 8RXD, EV 103.8 MPH), Distance : 429 ft
Batting: RHB Ruben Martinez 0-0: Called Strike
0-1: Ball
1-1: Ball
2-1: Swinging Strike
2-2: Ball
3-2: Foul Ball, location: 2F
3-2: Base on Balls
Batting: RHB Hector Torres 0-0: Ball
1-0: Foul Ball, location: 2F
1-1: Called Strike
1-2: Ball
2-2: Ball
Wild Pitch!
Ruben Martinez to second
3-2: Foul Ball, location: 2F
3-2: Base on Balls
Batting: RHB Roy Edwards 0-0: Called Strike
0-1: Ball
1-1: Called Strike
1-2: Foul Ball, location: 2F
1-2: Ball
2-2: Strikes out swinging
Top of the 1st over - 2 runs, 2 hits, 0 errors, 2 left on base; Chicago 2 - Gary SouthShore 0
BOTTOM OF THE 1ST
Gary SouthShore RailCats batting - Pitching for Chicago Dogs : LHP Andre Portee
Pitching: LHP Andre Portee
Batting: SHB Nick Butler 0-0: Called Strike
0-1: Ball
1-1: Foul Ball, location: 2F
1-2: Strikes out looking
Batting: RHB Mark Zimny 0-0: Foul Ball, location: 2F
0-1: Foul Ball, location: 2F
0-2: Foul Ball, location: 2F
0-2: Ball
1-2: Foul Ball, location: 2F
1-2: DOUBLE (Line Drive, 89XD, EV 101.2 MPH)
Batting: RHB Ken Kelly 0-0: Called Strike
0-1: Ball
1-1: Ball
2-1: Ground out 4-3 (Groundball, 4, EV 103.8 MPH)
Mark Zimny to third
Batting: RHB Dean Rasche 0-0: Called Strike
0-1: Ball
1-1: Swinging Strike
1-2: Ground out 6-3 (Groundball, 56, EV 107.5 MPH)
Bottom of the 1st over - 0 runs, 1 hit, 0 errors, 1 left on base; Chicago 2 - Gary SouthShore 0
TOP OF THE 2ND
Chicago Dogs batting - Pitching for Gary SouthShore RailCats : LHP Randy Steele
Batting: RHB Tim Skrzypek 0-0: Ball
1-0: Ball
2-0: Called Strike
2-1: Foul Ball, location: 2F
2-2: Ball
3-2: Fly out, F7 (Flyball, 78M, EV 93.1 MPH)
Batting: SHB Jose Lopez 0-0: Called Strike
0-1: Fly out, F7 (Flyball, 7S, EV 85.6 MPH)
Batting: SHB Ramiro Rivera 0-0: Called Strike
0-1: Called Strike
0-2: Strikes out swinging
Top of the 2nd over - 0 runs, 0 hits, 0 errors, 0 left on base; Chicago 2 - Gary SouthShore 0
BOTTOM OF THE 2ND
Gary SouthShore RailCats batting - Pitching for Chicago Dogs : LHP Andre Portee
Batting: SHB Art Jenkins 0-0: Called Strike
0-1: Fly out, F7 (Line Drive, 7D, EV 93.8 MPH)
Batting: LHB Mario Vega 0-0: Foul Ball, location: 2F
0-1: Ball
1-1: Fly out, F4 (Popup, 34D, EV 41.9 MPH)
Batting: RHB Kevin Oliver 0-0: Ball
1-0: Ball
2-0: Foul Ball, location: 2F
2-1: Foul Ball, location: 2F
2-2: SINGLE (Groundball, 6MS, EV 66.9 MPH) (infield hit)
Batting: RHB Jesus Mantilla 0-0: Called Strike
0-1: Ball
1-1: Foul Ball, location: 2F
1-2: SINGLE (Line Drive, 6M, EV 96.9 MPH)
Kevin Oliver to second
Runner from 2nd tries for 3rd, SAFE, throw by CF made to third
Batting: LHB Alejandro Ortiz 0-0: SINGLE (Flyball, 8LS, EV 95.6 MPH)
Kevin Oliver scores
Jesus Mantilla to second
Runner from 2nd tries for 3rd, OUT! 8-5
Bottom of the 2nd over - 1 run, 3 hits, 0 errors, 1 left on base; Chicago 2 - Gary SouthShore 1
TOP OF THE 3RD
Chicago Dogs batting - Pitching for Gary SouthShore RailCats : LHP Randy Steele
Batting: RHB Javier Cuevas 0-0: Called Strike
0-1: Ball
1-1: Called Strike
1-2: SINGLE (Groundball, 6M, EV 105.6 MPH)
Batting: SHB Nate Gibson 0-0: Ball
1-0: Ball
2-0: Fly out, F9 (Flyball, 89S, EV 87.5 MPH)
Batting: RHB Tom Barlow 0-0: Ball
1-0: Ball
2-0: Ball
3-0: Called Strike
3-1: Fly out, F4 (Popup, 34, EV 58.8 MPH)
Batting: RHB Ruben Martinez 0-0: Foul Ball, location: 2F
0-1: Swinging Strike
0-2: Fly out, F7 (Flyball, 7D, EV 80.0 MPH)
Top of the 3rd over - 0 runs, 1 hit, 0 errors, 1 left on base; Chicago 2 - Gary SouthShore 1
BOTTOM OF THE 3RD
Gary SouthShore RailCats batting - Pitching for Chicago Dogs : LHP Andre Portee
Batting: SHB Nick Butler 0-0: Fly out, F8 (Flyball, 8RD, EV 92.5 MPH)
Batting: RHB Mark Zimny 0-0: Ball
1-0: SINGLE (Flyball, 78M, EV 88.1 MPH)
Batting: RHB Ken Kelly 0-0: Called Strike
0-1: Fly out, F7 (Flyball, 7S, EV 93.8 MPH)
Batting: RHB Dean Rasche 0-0: Called Strike
0-1: Ball
1-1: Ball
Wild Pitch!
Mark Zimny to second
2-1: Foul Ball, location: 2F
2-2: Strikes out swinging
Bottom of the 3rd over - 0 runs, 1 hit, 0 errors, 1 left on base; Chicago 2 - Gary SouthShore 1
TOP OF THE 4TH
Chicago Dogs batting - Pitching for Gary SouthShore RailCats : LHP Randy Steele
Batting: RHB Hector Torres 0-0: DOUBLE (Line Drive, 9LM, EV 106.2 MPH)
Batting: RHB Roy Edwards 0-0: Ball
1-0: Fly out, F8 (Flyball, 89M, EV 85.0 MPH)
Batting: RHB Tim Skrzypek 0-0: Ball
1-0: Ball
2-0: Swinging Strike
2-1: Ball
3-1: Base on Balls
Batting: SHB Jose Lopez 0-0: Called Strike
0-1: Ball
1-1: Ball
2-1: Single, Error in OF, E7, batter to second base (Line Drive, 78M, EV 91.2 MPH)
Hector Torres scores
Tim Skrzypek to third
Batting: SHB Ramiro Rivera 0-0: Called Strike
0-1: SINGLE (Line Drive, 7LS, EV 95.6 MPH)
Tim Skrzypek scores
Jose Lopez to third
Batting: RHB Javier Cuevas 0-0: Foul Ball, location: 2F
0-1: Ball
1-1: Ball
2-1: Reached via error on a dropped throw from SS, E4 (Groundball, 56, EV 106.2 MPH)
Jose Lopez scores
Ramiro Rivera to second
Batting: SHB Nate Gibson 0-0: Ball
1-0: Called Strike
1-1: Ball
2-1: Ball
3-1: Foul Ball, location: 2F
3-2: Fly out, F7 (Flyball, 7LM, EV 83.1 MPH)
Batting: RHB Tom Barlow 0-0: Ball
1-0: Foul Ball, location: 2F
1-1: Fly out, F7 (Flyball, 78S, EV 81.2 MPH)
Top of the 4th over - 3 runs, 3 hits, 2 errors, 2 left on base; Chicago 5 - Gary SouthShore 1
BOTTOM OF THE 4TH
Gary SouthShore RailCats batting - Pitching for Chicago Dogs : LHP Andre Portee
Batting: SHB Art Jenkins 0-0: Called Strike
0-1: Swinging Strike
0-2: Ball
1-2: Ball
2-2: Ball
3-2: Fly out, F5 (Popup, 5SF, EV 75.0 MPH)
Batting: LHB Mario Vega 0-0: Ball
1-0: Ball
2-0: Ball
3-0: Called Strike
3-1: Base on Balls
Batting: RHB Kevin Oliver 0-0: Called Strike
0-1: Swinging Strike
0-2: Ball
1-2: Foul Ball, location: 2F
1-2: Strikes out swinging
Batting: RHB Jesus Mantilla 0-0: Ball
1-0: Swinging Strike
1-1: SINGLE (Line Drive, 9S, EV 110.6 MPH)
Mario Vega to second
Batting: LHB Alejandro Ortiz 0-0: Ball
1-0: Swinging Strike
1-1: Foul Ball, location: 2F
1-2: Ball
2-2: Ball
3-2: Ground out 4-3 (Groundball, 4, EV 103.1 MPH)
Bottom of the 4th over - 0 runs, 1 hit, 0 errors, 2 left on base; Chicago 5 - Gary SouthShore 1
TOP OF THE 5TH
Chicago Dogs batting - Pitching for Gary SouthShore RailCats : LHP Randy Steele
Batting: RHB Ruben Martinez 0-0: Ball
1-0: Called Strike
1-1: Ball
2-1: Ground out 5-3 (Groundball, 56, EV 91.2 MPH)
Batting: RHB Hector Torres 0-0: Fly out, F4 (Popup, 23, EV 85.6 MPH)
Batting: RHB Roy Edwards 0-0: Swinging Strike
0-1: Foul Ball, location: 2F
0-2: Ball
1-2: Strikes out swinging
Top of the 5th over - 0 runs, 0 hits, 0 errors, 0 left on base; Chicago 5 - Gary SouthShore 1
BOTTOM OF THE 5TH
Gary SouthShore RailCats batting - Pitching for Chicago Dogs : LHP Andre Portee
Batting: SHB Nick Butler 0-0: Ball
1-0: Ball
2-0: Foul Ball, location: 2F
2-1: Swinging Strike
2-2: Strikes out swinging
Batting: RHB Mark Zimny 0-0: Ball
1-0: Ball
2-0: Ball
3-0: Called Strike
3-1: Foul Ball, location: 2F
3-2: Base on Balls
Batting: RHB Ken Kelly 0-0: Ball
1-0: Called Strike
1-1: Foul Ball, location: 2F
1-2: Ball
2-2: Grounds into double play, 4-6-3 (Groundball, 4, EV 86.9 MPH)
Bottom of the 5th over - 0 runs, 0 hits, 0 errors, 0 left on base; Chicago 5 - Gary SouthShore 1
TOP OF THE 6TH
Chicago Dogs batting - Pitching for Gary SouthShore RailCats : LHP Randy Steele
Batting: RHB Tim Skrzypek 0-0: Ball
1-0: Called Strike
1-1: Swinging Strike
1-2: Ball
2-2: Ball
3-2: Strikes out looking
Batting: SHB Jose Lopez 0-0: Ball
1-0: Foul Ball, location: 2F
1-1: Ball
2-1: Ball
3-1: Called Strike
3-2: Foul Ball, location: 2F
3-2: Base on Balls
Batting: SHB Ramiro Rivera 0-0: Ball
1-0: Fly out, F6 (Popup, 6, EV 64.4 MPH)
Batting: RHB Javier Cuevas 0-0: Called Strike
0-1: Foul Ball, location: 2F
0-2: Strikes out swinging
Top of the 6th over - 0 runs, 0 hits, 0 errors, 1 left on base; Chicago 5 - Gary SouthShore 1
BOTTOM OF THE 6TH
Gary SouthShore RailCats batting - Pitching for Chicago Dogs : LHP Andre Portee
Batting: RHB Dean Rasche 0-0: Called Strike
0-1: Ball
1-1: Ball
2-1: Ball
3-1: Swinging Strike
3-2: Strikes out swinging
Batting: SHB Art Jenkins 0-0: Ball
1-0: Foul Ball, location: 2F
1-1: Ball
2-1: Foul Ball, location: 2F
2-2: Fly out, F7 (Flyball, 7LD, EV 101.9 MPH)
Batting: LHB Mario Vega 0-0: Ball
1-0: Called Strike
1-1: Ball
2-1: Foul Ball, location: 2F
2-2: Ball
3-2: Foul Ball, location: 2F
3-2: Fly out, F8 (Flyball, 8LM, EV 95.6 MPH)
Bottom of the 6th over - 0 runs, 0 hits, 0 errors, 0 left on base; Chicago 5 - Gary SouthShore 1
TOP OF THE 7TH
Chicago Dogs batting - Pitching for Gary SouthShore RailCats : LHP Randy Steele
Batting: SHB Nate Gibson 0-0: Ball
1-0: Ball
2-0: Ball
3-0: Foul Ball, location: 2F
3-1: Base on Balls
Pitching: RHP David Griffin
Batting: RHB Tom Barlow 0-0: Ball
1-0: Swinging Strike
1-1: Ball
2-1: SINGLE (Groundball, 6, EV 95.0 MPH)
Nate Gibson to second
Runner from 2nd tries for 3rd, SAFE, no throw by LF
Batting: RHB Ruben Martinez 0-0: SINGLE (Groundball, 34D, EV 101.9 MPH)
Nate Gibson scores
Tom Barlow to second
Runner from 2nd tries for 3rd, SAFE, throw by RF made to third
Batting: RHB Hector Torres 0-0: Swinging Strike
0-1: Foul Ball, location: 2F
0-2: Fielders Choice at 2nd, 3-6 (Groundball, 3, EV 85.0 MPH)
Tom Barlow scores
Batting: RHB Roy Edwards 0-0: DOUBLE (Groundball, 5L, EV 106.2 MPH)
Hector Torres to third
Runner from 3rd tries for Home, SAFE, throw by LF to home
Batting: RHB Tim Skrzypek 0-0: Called Strike
0-1: Ground out 6-3 (Groundball, 6M, EV 92.5 MPH)
Roy Edwards to third
Batting: SHB Jose Lopez 0-0: Fly out, F8 (Flyball, 89D, EV 100.6 MPH)
Top of the 7th over - 3 runs, 3 hits, 0 errors, 1 left on base; Chicago 8 - Gary SouthShore 1
BOTTOM OF THE 7TH
Gary SouthShore RailCats batting - Pitching for Chicago Dogs : LHP Andre Portee
Batting: RHB Kevin Oliver 0-0: Called Strike
0-1: Fly out, F9 (Line Drive, 9, EV 93.1 MPH)
Batting: RHB Jesus Mantilla 0-0: Ball
1-0: Foul Ball, location: 2F
1-1: Swinging Strike
1-2: Strikes out swinging
Batting: LHB Alejandro Ortiz 0-0: Called Strike
0-1: Ground out U3 (Groundball, 3, EV 81.9 MPH)
Bottom of the 7th over - 0 runs, 0 hits, 0 errors, 0 left on base; Chicago 8 - Gary SouthShore 1
TOP OF THE 8TH
Chicago Dogs batting - Pitching for Gary SouthShore RailCats : RHP David Griffin
Batting: SHB Ramiro Rivera 0-0: Fly out, F9 (Line Drive, 9, EV 108.1 MPH)
Batting: RHB Javier Cuevas 0-0: Ball
1-0: Swinging Strike
1-1: DOUBLE (Line Drive, 78D, EV 106.2 MPH)
Batting: SHB Nate Gibson 0-0: Called Strike
0-1: Swinging Strike
0-2: Foul Ball, location: 2F
0-2: Ball
1-2: Fly out, F4 (Line Drive, 4, EV 67.5 MPH)
Batting: RHB Tom Barlow 0-0: Called Strike
0-1: Called Strike
0-2: Ball
1-2: Foul Ball, location: 2F
1-2: Ball
2-2: Fly out, F8 (Flyball, 89M, EV 88.1 MPH)
Top of the 8th over - 0 runs, 1 hit, 0 errors, 1 left on base; Chicago 8 - Gary SouthShore 1
BOTTOM OF THE 8TH
Gary SouthShore RailCats batting - Pitching for Chicago Dogs : LHP Andre Portee
Batting: SHB Nick Butler 0-0: Swinging Strike
0-1: Ball
1-1: Ball
2-1: Ball
3-1: Foul Ball, location: 2F
3-2: Foul Ball, location: 2F
3-2: Foul Ball, location: 2F
3-2: Strikes out looking
Batting: RHB Mark Zimny 0-0: Ball
1-0: Ball
2-0: Ball
3-0: Called Strike
3-1: Foul Ball, location: 2F
3-2: Fly out, F9 (Flyball, 9D, EV 103.8 MPH)
Batting: RHB Ken Kelly 0-0: Foul Ball, location: 2F
0-1: Ball
1-1: Called Strike
1-2: Foul Ball, location: 2F
1-2: Fly out, F9 (Flyball, 89M, EV 86.2 MPH)
Bottom of the 8th over - 0 runs, 0 hits, 0 errors, 0 left on base; Chicago 8 - Gary SouthShore 1
TOP OF THE 9TH
Chicago Dogs batting - Pitching for Gary SouthShore RailCats : RHP David Griffin
Pitching: LHP Seth Hougesen
Batting: RHB Ruben Martinez 0-0: Ball
1-0: Ground out 6-3 (Groundball, 6, EV 89.4 MPH)
Batting: RHB Hector Torres 0-0: Ball
1-0: Ball
2-0: Fly out, F8 (Flyball, 8LXD, EV 103.8 MPH)
Batting: RHB Roy Edwards 0-0: Ball
1-0: Ball
2-0: Fly out, F6 (Popup, 6M, EV 72.5 MPH)
Top of the 9th over - 0 runs, 0 hits, 0 errors, 0 left on base; Chicago 8 - Gary SouthShore 1
BOTTOM OF THE 9TH
Gary SouthShore RailCats batting - Pitching for Chicago Dogs : LHP Andre Portee
Batting: RHB Dean Rasche 0-0: Ball
1-0: Ball
2-0: Ball
3-0: Called Strike
3-1: Base on Balls
Pitching: RHP Paul Schwendel
Batting: SHB Art Jenkins 0-0: Foul Ball, location: 2F
0-1: Swinging Strike
0-2: Strikes out swinging
Batting: LHB Mario Vega 0-0: Called Strike
0-1: Foul Ball, location: 2F
0-2: Ball
1-2: Ball
2-2: Ball
3-2: Base on Balls
Dean Rasche to second
Batting: RHB Kevin Oliver 0-0: Ball
1-0: SINGLE (Line Drive, 8RS, EV 105.6 MPH)
Dean Rasche to third
Mario Vega to second
Batting: RHB Jesus Mantilla 0-0: Called Strike
0-1: Ball
1-1: Foul Ball, location: 2F
1-2: Ball
2-2: SINGLE (Groundball, 34D, EV 98.8 MPH)
Dean Rasche scores
Mario Vega to third
Kevin Oliver to second
Batting: LHB Alejandro Ortiz 0-0: SINGLE (Line Drive, 4D, EV 101.9 MPH)
Mario Vega scores
Kevin Oliver to third
Jesus Mantilla to second
Pitching: LHP Mike Steel
Batting: SHB Nick Butler 0-0: Called Strike
0-1: Ball
1-1: Swinging Strike
1-2: Ball
2-2: Strikes out swinging
Batting: RHB Mark Zimny 0-0: Foul Ball, location: 2F
0-1: Fly out, F5 (Popup, 5SF, EV 83.8 MPH)
Bottom of the 9th over - 2 runs, 3 hits, 0 errors, 3 left on base; Chicago 8 - Gary SouthShore 3
Friday, October 29th , 2021 - OOTP Baseball 22.10 Build 79